 Dungeon Crawl Stone Soup version 0.17-a0-945-g601bd79 (webtiles) character file.

212530 namelastname112 the Destroyer (level 18, -4/157 HPs)
             Began as a Red Draconian Venom Mage on May 6, 2015.
             Was the Champion of Ashenzari.
             Slain by an entropy weaver (6 damage)
             ... on level 2 of the Spider Nest.
             The game lasted 03:21:42 (60844 turns).

namelastname112 the Destroyer (DrVM)               Turns: 60844, Time: 03:21:42

Health: -4/157     AC: -5    Str: 11      XL:     18   Next: 62%
Magic:  7/34       EV: 22    Int: 27      God:    Ashenzari [******]
Gold:   1424       SH:  9    Dex: 14 (15) Spells: 9 memorised, 4 levels left

rFire  + + .     SeeInvis +     w - +8 demon blade "Bloodbane" {slice, *Rage +Rage Stlth-} (curse)
rCold  + + +     Clarity  +     (armour unavailable)
rNeg   . . .     SustAb   .     q - +2 buckler {rF+} (curse)
rPois  .         Gourm    +     a - +1 hat (curse)
rElec  .         Spirit   .     m - +1 cloak "Juogipn" {rC++} (curse)
rCorr  .         Warding  .     N - +0 pair of gloves of Weightlessness {+Fly MR++} (curse)
rMut   .         Stasis   .     H - +0 pair of boots of the Harp {Int+4 Dex+3} (curse)
MR     +++..                    Z - amulet of the gourmand (curse)
Stlth  +++.......               X - ring of wizardry (curse)
                                p - ring of protection from cold (curse)

@: lethally poisoned (-4 -> -32), corroded equipment, deflect missiles,
extremely resistant to hostile enchantments, fairly stealthy
A: breathe fire, unfitting armour, blurry vision 1, deterioration 1, fire
resistance 1, mutation resistance 1, sense surroundings 1, cold-blooded, AC +10
a: Breathe Fire, Scrying, Transfer Knowledge, Renounce Religion, Evoke Berserk
Rage, Evoke Flight


You were on level 2 of the Spider Nest.
You worshipped Ashenzari.
Ashenzari was exalted by your worship.
You were very full.

You visited 6 branches of the dungeon, and saw 33 of its levels.
You also visited: Bailey and Ice Cave.

You collected 4056 gold pieces.
You spent 2632 gold pieces at shops.

Inventory:

Hand weapons
 w - the cursed +8 demon blade "Bloodbane" (weapon) {slice, *Rage +Rage Stlth-}
   (You bought it in a shop on level 7 of the Dungeon)

   It inflicts extra damage upon your enemies.
   It lets you go berserk.
   It may make you go berserk in combat.
   It makes you less stealthy.
   It has a curse placed upon it.
Armour
 a - a cursed +1 hat (worn)
 f - the cursed +0 large shield "Ruexkir" {+Blink Int+3}
   (You found it in an ice cave)

   It affects your intelligence (+3).
   It lets you blink.
   It has a curse placed upon it.
 m - the cursed +1 cloak "Juogipn" (worn) {rC++}
   (You bought it in a shop on level 3 of the Orcish Mines)

   It greatly protects you from cold.
   It has a curse placed upon it.
 q - a cursed +2 buckler of fire resistance (worn)
 H - the cursed +0 pair of boots of the Harp (worn) {Int+4 Dex+3}
   (You found it on level 3 of the Elven Halls)

   It affects your intelligence (+4).
   It affects your dexterity (+3).
   It has a curse placed upon it.
 N - the cursed +0 pair of gloves of Weightlessness (worn) {+Fly MR++}
   (You found it on level 15 of the Dungeon)

   It affects your resistance to hostile enchantments.
   It lets you fly.
   It has a curse placed upon it.
Rods
 x - a +3 rod of ignition (12/12)
   (You found it on level 4 of the Dungeon)
Jewellery
 p - a cursed ring of protection from cold (left hand)
 R - an uncursed ring of protection from cold
 S - an uncursed ring of protection from fire
 X - a cursed ring of wizardry (right hand)
 Z - a cursed amulet of the gourmand (around neck)
Magical devices
 e - a wand of hasting (2)
 g - a wand of teleportation (3)
 i - a wand of fire (7)
 t - a wand of paralysis (9)
 G - a wand of digging (10)
 J - a wand of draining (6)
 U - a wand of digging (13)
 V - a wand of digging (14)
 W - a wand of cold (10)
 Y - a wand of digging (18)
Scrolls
 c - 17 scrolls of teleportation
 j - a scroll of blinking
 n - a scroll of amnesia
 o - 10 scrolls of recharging
 r - 3 scrolls of magic mapping
 u - 4 scrolls of fear
 A - 3 scrolls of fog
 F - 5 scrolls of identify
 M - a scroll of holy word
 Q - 5 scrolls of remove curse
Potions
 h - 3 potions of brilliance
 k - 4 potions of resistance
 l - 2 potions of cancellation
 v - 3 potions of haste
 C - 8 potions of might
 D - 3 potions of curing
 E - 4 potions of agility
 L - 2 potions of heal wounds
 O - 7 potions of flight
Books
 s - a book of the Warp

   Spells                             Type                      Level
   a - Recall                         Summoning/Translocation      3
   b - Gell's Gravitas                Hexes/Translocation          3
   c - Control Teleport               Charms/Translocation         4
   d - Force Lance                    Conjuration/Translocation    4
   e - Phase Shift                    Translocation                5
   f - Warp Weapon                    Charms/Translocation         5
   g - Summon Forest                  Summoning/Translocation      5
Comestibles
 b - 16 bread rations
 d - 6 meat rations
 z - 20 beef jerkies
 I - 9 fruits


   Skills:
 - Level 13.0 Fighting
 - Level 11.9(16.1) Long Blades
 - Level 11.2(15.4) Dodging
 - Level 5.6(10.1) Stealth
 - Level 9.5(12.3) Shields
 + Level 12.8 Spellcasting
 + Level 13.7(17.8) Conjurations
 + Level 12.7(16.8) Air Magic
 - Level 12.3(16.4) Poison Magic


You had 4 spell levels left.
You knew the following spells:

 Your Spells              Type           Power        Failure   Level  Hunger
a - Deflect Missiles      Chrm/Air       ######....   7%          6    #####..
b - Venom Bolt            Conj/Pois      #######...   1%          5    ##.....
c - Poisonous Cloud       Conj/Pois/Air  #######...   1%          6    #####..
d - Cure Poison           Pois           #######...   0%          2    None
e - Olgreb's Toxic Radia  Pois           #######.     1%          4    None
f - Poison Arrow          Conj/Pois      #######...   1%          6    #####..
g - Swiftness             Chrm/Air       ######..     1%          2    None
h - Freezing Cloud        Conj/Ice/Air   ######....   2%          6    #####..
z - Sting                 Conj/Pois      ####         0%          1    None


Dungeon Overview and Level Annotations

Branches:
Dungeon (15/15)            Temple (1/1) D:5            Lair (8/8) D:8
 Shoals (0/4) Lair:5       Spider (2/4) Lair:3        Slime (0/6) Lair:7
    Orc (4/4) D:11            Elf (3/3) Orc:3        Vaults (0/5) D:14
 Depths (0/5) D:15

Altars:
Ashenzari
Cheibriados
Dithmenos
Elyvilon
Fedhas
Gozag
Kikubaaqudgha
Makhleb
Nemelex Xobeh
Okawaru
Qazlal
Ru
Sif Muna
Trog
Vehumet
Xom
Yredelemnul
Zin
The Shining One
Beogh
Jiyva

Shops:
D:7 *   D:9 (   D:15 =   Orc:1 (}   Orc:2 }   Orc:3 ([(   Orc:4 **[}
Elf:1 [%!:}

Portals:
Pandemonium: Orc:4

Annotations:
Elf:2 3 runed doors


Innate Abilities, Weirdness & Mutations

You can breathe blasts of fire.
Your fiery red scales are hard (AC +10).
Your body does not fit into most forms of armour.
Your flesh is heat resistant.
You are cold-blooded and may be slowed by cold attacks.
Scrolls take you a little longer to read.
Your body sometimes deteriorates upon taking damage.
You are somewhat resistant to further mutation.
You passively map a small area around you.


Message History

The entropy weaver closely misses you. The entropy weaver barely misses you.
The entropy weaver hits you!
* * * LOW HITPOINT WARNING * * *
The redback bites you!
* * * LOW HITPOINT WARNING * * *
Your body deteriorates!
You feel clumsy.
You are lethally poisoned!
The redback poisons you! You block the redback's attack.
Unknown command.
Drink which item? (? for menu, Esc to quit)
You feel much better.
You feel very sick. The redback closely misses you. The redback bites you!
* * * LOW HITPOINT WARNING * * *
The entropy weaver hits you!
* * * LOW HITPOINT WARNING * * *
The entropy weaver hits you!
* * * LOW HITPOINT WARNING * * *
The entropy weaver hits you.
You die...

#.......#.##..##....#
#..........#........#
#....#.............###
#......)...##....#...## *
........#..#^.^..#....##* ###
.......<...............## ..##
.............†#^.#......#....###.
..............#^.......##........
..........#.....@.#..............
...............sps#.....#^.......
#........^......s.......^.#..?.).
.............s..................$
................#...........#....
.....{....#......................
..........†...............^......
.........†......#................
......†..........................


You could see an entropy weaver, an orb spider, a tarantella and 2 redbacks.

Vanquished Creatures
  Rupert (Lair:3)
  A deep elf master archer (Elf:3)
  2 deep elf blademasters (Elf:3)
  Gastronok (D:9)
  A fire giant (D:11)
  8 deep elf sorcerers
  Donald (Elf:3)
  A frost giant (IceCv)
  3 emperor scorpions (Spider:2)
  An orc warlord (Orc:4)
  A stone giant (Orc:3)
  7 deep elf annihilators (Elf:3)
  6 deep elf demonologists (Elf:3)
  3 deep elf death magi (Elf:3)
  A green death (Elf:3)
  A yaktaur captain (D:14)
  4 deep elf high priests (Elf:3)
  7 hydras
  An entropy weaver (Spider:2)
  Erica (D:9)
  A queen ant (Lair:3)
  15 death yaks
  4 dancing weapons (Elf:2)
  3 tengu warriors
  A small abomination (Elf:3)
  A centaur warrior (D:14)
  2 soul eaters (Orc:4)
  Urug (D:11)
  Sonja (Lair:2)
  A sun demon (Orc:4)
  An orc high priest (Orc:4)
  17 deep elf knights
  An unseen horror (D:15)
  2 gelid demonspawn (Orc:4)
  5 hill giants
  A lindwurm (Lair:5)
  An ice statue (IceCv)
  6 deep elf summoners
  Pikel (D:6)
  19 deep elf conjurers
  A griffon (Lair:6)
  15 orb spiders
  10 orc sorcerers (Orc:4)
  11 ugly things
  A cyclops (Orc:3)
  21 wolf spiders
  A draconian (shapeshifter) (Elf:3)
  10 orc knights
  4 slime creatures (D:12)
  A salamander (shapeshifter) (Elf:1)
  A salamander (D:15)
  A moth of wrath (Spider:2)
  4 manticores
  Joseph (D:9)
  A rust devil (Orc:4)
  19 elephants
  7 black mambas
  2 sirens (Lair:5)
  Psyche (D:8)
  A smoke demon (Orc:4)
  An orange demon (Orc:4)
  2 centaur skeletons
  16 spiny frogs
  3 gargoyles
  An efreet (D:12)
  2 kobold demonologists
  A wandering mushroom (D:8)
  A freezing wraith (D:15)
  4 fire drakes
  2 yaktaurs (D:14)
  10 deep elf priests
  4 demonic crawlers
  14 komodo dragons
  3 two-headed ogres
  29 blink frogs
  A queen bee (Lair:1)
  8 trolls
  A merfolk (Lair:5)
  27 polar bears
  23 jumping spiders
  A merfolk (shapeshifter) (D:15)
  Grinder (D:6)
  A centaur simulacrum (D:12)
  Prince Ribbit (D:8)
  A wind drake (shapeshifter) (Elf:3)
  A raven (D:14)
  A shadow (D:14)
  A boulder beetle (Lair:8)
  25 deep elf magi
  7 trapdoor spiders
  3 raiju (Lair:8)
  4 wyverns
  Sigmund (D:3)
  13 redbacks
  3 basilisks
  A wraith (D:13)
  A basilisk (shapeshifter) (Elf:3)
  A vampire (D:11)
  2 ynoxinuls
  2 hungry ghosts
  11 hippogriffs
  A human (D:7)
  19 tarantellas
  57 yaks
  38 wolves
  11 wargs
  25 deep elf fighters
  Edmund (D:6)
  23 water moccasins
  8 soldier ants
  Duvessa (D:6)
  A black bear (shapeshifter) (Elf:1)
  3 hell hounds (Lair:8)
  14 porcupines
  11 ice beasts
  2 sky beasts
  13 spiders
  46 orc warriors
  14 black bears
  A slave (D:6)
  10 centaurs
  An eye of draining (D:15)
  20 ogres
  20 crocodiles
  A big kobold (D:7)
  Blork the orc (D:5)
  2 brain worms
  Dowan (D:6)
  19 giant frogs
  A wyvern skeleton (D:13)
  27 scorpions
  36 killer bees
  4 electric eels
  10 wights
  5 jellies
  10 crimson imps
  22 hounds
  29 orc wizards
  A quasit (D:11)
  2 giant frog zombies
  5 giant frog skeletons
  41 orc priests
  2 centaur zombies
  16 worker ants
  2 hell rats (Lair:2)
  13 iguanas
  31 sheep
  A wasp simulacrum (D:12)
  2 giant frog simulacra (D:12)
  2 hound zombies (D:11)
  3 worker ant zombies (D:5)
  18 adders
  24 gnolls
  92 river rats
  4 shadow imps
  A white imp (D:12)
  4 ufetubi
  2 oozes
  2 adder skeletons (D:4)
  3 worms
  10 giant geckos
  221 orcs
  2 ball pythons
  9 giant cockroaches
  33 goblins
  57 hobgoblins
  18 jackals
  15 kobolds
  21 bats
  15 giant newts
  A giant spore (D:13)
  A jackal skeleton (D:5)
  4 quokkas
  A quokka zombie (D:5)
  18 rats
  A ballistomycete (D:13)
  2 crawling corpses (Elf:3)
1692 creatures vanquished.

Vanquished Creatures (others)
  2 polar bears (IceCv)
  A yak (IceCv)
  4 wolves (IceCv)
  A goblin (D:6)
  A quokka (D:6)
  A bush (Lair:8)
  24 fungi
  13 plants
47 creatures vanquished.

Grand Total: 1739 creatures vanquished

Notes
Turn   | Place    | Note
--------------------------------------------------------------
     0 | D:1      | namelastname112, the Draconian Venom Mage, began the quest for the Orb.
     0 | D:1      | Reached XP level 1. HP: 14/14 MP: 3/3
   188 | D:1      | Reached skill level 1 in Conjurations
   188 | D:1      | Reached XP level 2. HP: 7/20 MP: 1/5
   831 | D:2      | Reached XP level 3. HP: 26/26 MP: 1/6
  1205 | D:2      | Learned a level 3 spell: Mephitic Cloud
  1447 | D:2      | Reached XP level 4. HP: 33/33 MP: 2/8
  2204 | D:3      | Noticed Sigmund
  2230 | D:3      | Killed Sigmund
  2230 | D:3      | Reached skill level 5 in Poison Magic
  2230 | D:3      | Reached XP level 5. HP: 19/38 MP: 2/10
  2230 | D:3      | Reached XP level 6. HP: 22/45 MP: 2/11
  3843 | D:4      | Your scales start taking on a fiery red colour.
  3843 | D:4      | Gained mutation: Your flesh is heat resistant. [Red Draconian growth]
  3843 | D:4      | Reached XP level 7. HP: 50/50 MP: 1/13
  3962 | D:4      | Reached skill level 6 in Poison Magic
  5091 | D:4      | Reached skill level 5 in Spellcasting
  5279 | D:4      | Reached skill level 5 in Conjurations
  5461 | D:5      | Entered Level 5 of the Dungeon
  5487 | D:5      | Reached XP level 8. HP: 57/57 MP: 15/15
  5567 | D:5      | Found a staircase to the Ecumenical Temple.
  5624 | Temple   | Entered the Ecumenical Temple
  5715 | Temple   | Identified a +1 rod of ignition (10/10) (You found it on level 4 of the Dungeon)
  5715 | Temple   | Became a worshipper of Ashenzari the Shackled
  5794 | D:5      | Noticed Blork the orc
  5814 | D:5      | Killed Blork the orc
  5958 | D:5      | Reached skill level 7 in Poison Magic
  7111 | D:6      | Noticed Dowan
  7112 | D:6      | Noticed Duvessa
  7178 | D:6      | Killed Duvessa
  7178 | D:6      | Reached skill level 1 in Air Magic
  7353 | D:6      | Killed Dowan
  7442 | D:6      | Found a white marble altar of Elyvilon.
  7464 | D:6      | Noticed Pikel
  7480 | D:6      | Killed Pikel
  7480 | D:6      | Reached XP level 9. HP: 54/62 MP: 5/18
  7561 | D:6      | Reached skill level 8 in Poison Magic
  7806 | D:6      | Identified the amulet "Jedadgh" {Inacc rC++ MP-9 Int-4 Dex+3}
  7983 | D:6      | Noticed Grinder
  8024 | D:6      | Killed Grinder
  8303 | D:6      | Learned a level 5 spell: Venom Bolt
  8332 | D:6      | Noticed Edmund
  8349 | D:6      | Killed Edmund
  8797 | D:7      | Found a basalt altar of Yredelemnul.
  8858 | D:7      | Found Pymnuropn's Assorted Antiques.
  8862 | D:7      | Bought a twitching bronze ring for 80 gold pieces
  8862 | D:7      | Identified the ring "Bumiut" {MP-9 Str+4 Dex+3} (You bought it in a shop on level 7 of the Dungeon)
  8923 | D:7      | Reached skill level 5 in Air Magic
  9376 | D:8      | Noticed Prince Ribbit
  9388 | D:8      | Reached XP level 10. HP: 61/69 MP: 13/20
  9438 | D:8      | Killed Prince Ribbit
  9438 | D:8      | Reached skill level 9 in Poison Magic
  9462 | D:8      | Noticed Psyche
  9467 | D:8      | Killed Psyche
  9510 | D:8      | Found a burning altar of Makhleb.
  9537 | D:8      | Found a staircase to the Lair.
 10269 | D:9      | Found a stormy altar of Qazlal.
 10313 | D:9      | Noticed Joseph
 10316 | D:9      | Noticed Erica
 10316 | D:9      | Found a shadowy altar of Dithmenos.
 10352 | D:9      | Found a glowing golden altar of the Shining One.
 10364 | D:9      | Noticed Gastronok
 10366 | D:9      | Found a flagged portal.
 10374 | D:9      | Noticed a hill giant
 10422 | D:9      | Killed Joseph
 10424 | Bailey   | Entered a bailey
 11050 | Bailey   | Noticed an orc knight
 11083 | Bailey   | Killed an orc knight
 11171 | Bailey   | Noticed an orc knight
 11209 | Bailey   | Killed an orc knight
 11646 | Bailey   | Noticed an orc knight
 11785 | Bailey   | Noticed an orc warlord
 11864 | Bailey   | Reached skill level 10 in Poison Magic
 11864 | Bailey   | Reached XP level 11. HP: 20/74 MP: 4/24
 11959 | D:9      | Learned a level 6 spell: Poisonous Cloud
 12390 | D:9      | Killed a hill giant
 12390 | D:9      | Reached skill level 10 in Conjurations
 12390 | D:9      | Reached XP level 12. HP: 66/81 MP: 10/25
 12878 | D:9      | Found a blossoming altar of Fedhas.
 12995 | D:9      | Found Myebul's Weapon Shop.
 13122 | D:9      | Found a snail-covered altar of Cheibriados.
 13371 | D:9      | Killed Erica
 13431 | D:10     | Entered Level 10 of the Dungeon
 13585 | D:10     | Reached skill level 11 in Poison Magic
 13690 | D:10     | Found an iron altar of Okawaru.
 14032 | D:10     | You fall through a shaft for 2 floors!
 14498 | D:11     | Noticed Urug
 14983 | D:10     | Gained mutation: Scrolls take you a little longer to read. [mutagenic meat]
 14984 | D:10     | Gained mutation: Your body sometimes deteriorates upon taking damage. [mutagenic meat]
 14985 | D:10     | Gained mutation: Your muscles are strong. (Str +2) [mutagenic meat]
 14986 | D:10     | Gained mutation: You passively map a small area around you. [mutagenic meat]
 14987 | D:10     | Gained mutation: You are somewhat resistant to further mutation. [mutagenic meat]
 14988 | D:10     | Lost mutation: Your muscles are strong. (Str +2) [mutagenic meat]
 15296 | D:9      | Reached skill level 10 in Spellcasting
 15327 | Lair:1   | Entered Level 1 of the Lair of Beasts
 15566 | Lair:1   | Found a frozen archway.
 15679 | IceCv    | Entered an ice cave
 15844 | IceCv    | Learned a level 2 spell: Cure Poison
 15849 | IceCv    | Learned a level 4 spell: Olgreb's Toxic Radiance
 16130 | IceCv    | HP: 3/81 [cloud of poison gas (7)]
 16544 | IceCv    | Learned a level 6 spell: Poison Arrow
 16590 | IceCv    | Got the cursed large shield "Ruexkir" {+Blink Int+3}
 16908 | IceCv    | Reached skill level 10 in Air Magic
 16908 | IceCv    | Reached XP level 13. HP: 75/86 MP: 22/27
 16972 | IceCv    | Reached skill level 12 in Poison Magic
 17410 | IceCv    | Noticed a frost giant
 17426 | IceCv    | Killed a frost giant
 18642 | Lair:1   | Reached skill level 1 in Shields
 18807 | Lair:1   | Reached skill level 1 in Fighting
 19578 | Lair:2   | Noticed Sonja
 19583 | Lair:2   | Killed Sonja
 20851 | Lair:3   | Reached skill level 1 in Long Blades
 20984 | Lair:3   | Noticed Rupert
 20994 | Lair:3   | Paralysed by Rupert for 4 turns
 20996 | Lair:3   | Killed Rupert
 21450 | Lair:3   | Reached XP level 14. HP: 71/102 MP: 20/29
 21932 | Lair:3   | Acquired Ashenzari's first power
 22021 | Lair:3   | Found a hole to the Spider Nest.
 22732 | Lair:4   | HP: 1/104 [spiny frog (10)]
 24461 | Lair:5   | Found a staircase to the Shoals.
 24849 | Lair:5   | Reached skill level 5 in Fighting
 27435 | Lair:5   | Reached skill level 5 in Shields
 27930 | Lair:7   | Found a viscous altar of Jiyva.
 27931 | Lair:7   | Found a staircase to the Slime Pits.
 28016 | Lair:7   | Acquired Ashenzari's second power
 28457 | Lair:7   | Reached skill level 5 in Dodging
 29319 | Lair:8   | Entered Level 8 of the Lair of Beasts
 29842 | Lair:8   | Learned a level 2 spell: Swiftness
 29892 | Lair:8   | Reached XP level 15. HP: 88/117 MP: 7/30
 30247 | Lair:8   | Reached skill level 5 in Long Blades
 30513 | Lair:8   | Acquired Ashenzari's third power
 31970 | Lair:8   | Reached skill level 5 in Stealth
 35071 | Lair:1   | Learned a level 6 spell: Freezing Cloud
 35150 | D:9      | Killed Gastronok
 35305 | D:10     | Identified the +7 flail "Nicamoif" {freeze, Noisy rC++ MP-9 Dex+4}
 36484 | D:11     | Found a staircase to the Orcish Mines.
 36533 | D:11     | Killed Urug
 36757 | D:11     | Found a roughly hewn altar of Beogh.
 37256 | D:11     | Noticed a fire giant
 37272 | D:11     | Killed a fire giant
 37859 | Orc:1    | Entered Level 1 of the Orcish Mines
 38012 | Orc:1    | Found Duynix's Quality Used Wands.
 38056 | Orc:1    | Found Vuliphar's Antique Weapon Emporium.
 39242 | Orc:2    | Found a roughly hewn altar of Beogh.
 39515 | Orc:2    | Found Hail's Gadget Emporium.
 39526 | Orc:2    | Bought a wand of teleportation (3) for 273 gold pieces
 39814 | Orc:3    | Found a staircase to the Elven Halls.
 40075 | Orc:3    | Found Lengui Dojol's Antique Weapon Emporium.
 40076 | Orc:3    | Found Xosm's Antique Armour Boutique.
 40158 | Orc:3    | Bought a crude cloak for 313 gold pieces
 40158 | Orc:3    | Bought a pair of glowing gloves for 148 gold pieces
 40163 | Orc:3    | Identified the +1 cloak "Juogipn" {rC++} (You bought it in a shop on level 3 of the Orcish Mines)
 40202 | Orc:3    | Acquired Ashenzari's fourth power
 40267 | Orc:3    | Found Entefrus's Antique Weapon Boutique.
 40271 | Orc:3    | Bought a twisted long sword for 229 gold pieces
 40271 | Orc:3    | Identified the +4 long sword "Yker" {vamp, +Blink} (You bought it in a shop on level 3 of the Orcish Mines)
 40901 | Orc:4    | Entered Level 4 of the Orcish Mines
 40901 | Orc:4    | Found a roughly hewn altar of Beogh.
 41478 | Orc:4    | Reached XP level 16. HP: 90/132 MP: 2/31
 42273 | Orc:4    | Found Oppequc's General Store.
 42395 | Orc:4    | Found Dotatoh's General Store.
 43496 | Orc:4    | Paralysed by an orc sorcerer for 2 turns
 43899 | Orc:4    | Found Yfary's Antique Armour Shoppe.
 43899 | Orc:4    | Found a one-way gate leading to the halls of Pandemonium.
 43899 | Orc:4    | Found Ceolopp's Gadget Emporium.
 43961 | Orc:4    | Bought a slimy cloak for 266 gold pieces
 43961 | Orc:4    | Identified the +1 cloak of Hairiness {MR+ Dex+3 SInv} (You bought it in a shop on level 4 of the Orcish Mines)
 43998 | Orc:4    | Bought a potion of curing for 33 gold pieces
 44000 | Orc:4    | Bought a scroll of identify for 28 gold pieces
 44983 | D:12     | Reached skill level 10 in Fighting
 48247 | D:14     | Found an opulent altar of Gozag.
 48592 | D:14     | Found a gate to the Vaults.
 48628 | D:14     | Identified the +8 dagger of Pride {pierce, rC- Str+4 Int+3}
 48744 | D:15     | Entered Level 15 of the Dungeon
 49006 | D:15     | Found Feefav's Jewellery Emporium.
 49265 | D:15     | Identified the cursed +0 pair of gloves of Weightlessness {+Fly MR++}
 49529 | D:15     | Found a staircase to the Depths.
 50495 | D:7      | Bought the +8 demon blade "Bloodbane" {slice, *Rage +Rage Stlth-} for 1112 gold pieces
 50693 | Elf:1    | Entered Level 1 of the Elven Halls
 50699 | Elf:1    | Found Kyolimp's Distillery.
 50705 | Elf:1    | Found Heqoukod's Food Boutique.
 50720 | Elf:1    | Bought 2 potions of heal wounds for 150 gold pieces
 51346 | Elf:1    | Found Neizud's Gadget Shoppe.
 51425 | Elf:1    | Found Bunog's Book Boutique.
 51661 | Elf:1    | Reached skill level 10 in Long Blades
 51940 | Elf:1    | Found Pyin's Armour Emporium.
 52031 | Elf:2    | Reached XP level 17. HP: 117/144 MP: 25/32
 52556 | Elf:2    | Found a runed gate.
 52556 | Elf:2    | Found a runed gate.
 52702 | Elf:2    | Found a runed gate.
 52804 | Elf:2    | Reached skill level 10 in Dodging
 52959 | Elf:3    | Entered Level 3 of the Elven Halls
 53149 | Elf:3    | Identified the cursed +0 pair of boots of the Harp {Int+4 Dex+3}
 53355 | Elf:3    | Identified the cursed +0 large shield "Ruexkir" {+Blink Int+3} (You found it in an ice cave)
 55771 | Elf:3    | Reached skill level 13 in Fighting
 55890 | Elf:3    | Identified the +2 pair of boots of the Morning Star {rN+}
 55898 | Elf:3    | Identified the +8 hunting sling of Purpose {velocity, rPois}
 55981 | Elf:3    | Identified Aluod's Disquisition on the Glacier (You found it on level 3 of the Elven Halls)
 56024 | Elf:3    | Learned a level 6 spell: Deflect Missiles
 56682 | Elf:3    | Reached XP level 18. HP: 157/157 MP: 26/33
 56967 | Elf:3    | Noticed Donald
 56990 | Elf:3    | Killed Donald
 57662 | Spider:1 | Entered Level 1 of the Spider Nest
 58425 | Spider:1 | Identified the cursed +1 hunting sling "Nysarchoz" {velocity, rPois MP-9 Dex+4}
 60844 | Spider:2 | HP: 2/157 [entropy weaver (7)]
 60844 | Spider:2 | Slain by an entropy weaver

Action                   |  1- 3 |  4- 6 |  7- 9 | 10-12 | 13-15 | 16-18 || total
-------------------------+-------+-------+-------+-------+-------+-------++-------
Melee: Unarmed           |    30 |       |       |       |       |       ||    30
       Dagger            |    44 |   112 |   362 |       |       |       ||   518
       Short sword       |       |       |   132 |   318 |   245 |       ||   695
       Staff             |       |       |       |       |   429 |   259 ||   688
       Demon blade       |       |       |       |       |       |   683 ||   683
       Double sword      |       |       |       |       |       |    28 ||    28
 Cast: Sting             |    74 |   126 |   380 |   301 |   399 |     6 ||  1286
       Mephitic Cloud    |       |    11 |     7 |    25 |     1 |       ||    44
       Venom Bolt        |       |       |       |    43 |    38 |    23 ||   104
       Poisonous Cloud   |       |       |       |    11 |    74 |    44 ||   129
       Poison Arrow      |       |       |       |     6 |   270 |   212 ||   488
       Cure Poison       |       |       |       |     1 |    19 |     5 ||    25
       Olgreb's Toxic Ra |       |       |       |       |    80 |    22 ||   102
       Swiftness         |       |       |       |       |     3 |     7 ||    10
       Freezing Cloud    |       |       |       |       |       |    71 ||    71
       Deflect Missiles  |       |       |       |       |       |     1 ||     1
 Abil: Breathe Fire      |       |       |    15 |    34 |    46 |    14 ||   109
Evoke: Wand              |       |       |       |     2 |     5 |       ||     7
  Use: Scroll            |       |       |    16 |     9 |    18 |    13 ||    56
       Potion            |       |       |       |    16 |     5 |     3 ||    24
 Stab: Confused          |       |     1 |     2 |     1 |       |       ||     4
       Sleeping          |       |       |     1 |       |     3 |     5 ||     9
       Distracted        |       |       |       |       |       |     4 ||     4
  Eat: Chunk             |     3 |     8 |    15 |    20 |   153 |   111 ||   310
       Fruit             |       |       |     3 |       |     1 |       ||     4
       Pizza             |       |       |     2 |     8 |       |     1 ||    11
       Beef jerky        |       |       |     1 |     2 |     4 |     2 ||     9
       Meat ration       |       |       |       |     4 |       |     4 ||     8
       Royal jelly       |       |       |       |       |    15 |     3 ||    18
